 Dungeon Crawl Stone Soup version 0.28-a0-1212-gc6b4282bc0 (webtiles) character file.

Game seed: 3895627228354466279

45 BinkBink the Chopper (level 3, -2/31 HPs)
             Began as a Hill Orc Monk on Dec 21, 2021.
             Slain by a worm (11 damage)
             ... on level 2 of the Dungeon.
             The game lasted 00:01:43 (1489 turns).

BinkBink the Chopper (Hill Orc Monk)                Turns: 1489, Time: 00:01:44

Health: -2/31      AC:  2    Str: 15    XL:     3   Next: 64%
Magic:  3/3        EV: 12    Int: 10    God:
Gold:   54         SH:  0    Dex: 13    Spells: 2/2 levels left

rFire   . . .      SeeInvis .   a - +0 hand axe
rCold   . . .      Faith    .   (no shield)
rNeg    . . .      Spirit   .   b - +0 robe
rPois   .          Reflect  .   (no helmet)
rElec   .          Harm     .   (no cloak)
rCorr   .          Rampage  .   (no gloves)
Will    .....                   (no boots)
Stlth   ++........              (no amulet)
HPRegen 0.10/turn               (no ring)
MPRegen 0.08/turn               (no ring)

@: no status effects
A: no striking features
a: no special abilities


You were on level 2 of the Dungeon.
You visited 1 branch of the dungeon, and saw 2 of its levels.

You collected 54 gold pieces.

Inventory:

Hand Weapons
 a - a +0 hand axe (weapon)
Armour
 b - a +0 robe (worn)
Scrolls
 d - a scroll of identify {unknown}
Potions
 c - a potion of brilliance {unknown}


   Skills:
 - Level 3.6 Fighting
 + Level 4.7 Axes
 + Level 1.8 Armour
 + Level 2.9 Dodging
 - Level 1.5 Stealth


You had 2 spell levels left.
You didn't know any spells.
Your spell library was empty.

Dungeon Overview and Level Annotations

Branches:
Dungeon (2/15)

Altars:


Message History

A quokka is nearby!
Found 11 gold pieces.
A rat comes into view.
Found a stone staircase leading down.
The quokka barely misses you.
You hit the quokka.
The quokka is severely wounded.
The quokka bites you. x2
You hit the quokka.
You kill the quokka!
The rat twitches its whiskers.
A rat comes into view.
You see here 8 stones.
You hit the rat.
You kill the rat!
A ball python and a worm come into view.
Found 20 stones.
You hit the rat.
You kill the rat!
You see here 11 gold pieces.
You hit the worm.
The worm is lightly wounded.
The worm bites you.
You hit the worm.
The worm is moderately wounded.
You hit the worm.
The worm is moderately wounded.
The worm barely misses you.
You hit the worm.
The worm is severely wounded.
The worm bites you!
You hit the worm.
The worm is almost dead.
You hit the worm but do no damage.
The worm is almost dead.
The worm bites you.
* * * LOW HITPOINT WARNING * * *
You barely miss the worm.
The worm is almost dead.
The worm bites you!
You die...

.##.######.#####.#
..................#
###.
#........##....#
...S#.#...(.#......#
#..........#.......
#..##..............
#...........#......
..(#....$†...#######
......>@.#####
......w..#
...........
.....#.......
...###......... ..
########## .


You could see a worm.

Vanquished Creatures
  12 endoplasms (D:1)
  5 giant cockroaches (D:1)
  A goblin (D:2)
  2 hobgoblins (D:1)
  3 jackals (D:1)
  A kobold (D:1)
  2 quokkas
  4 bats
  A frilled lizard (D:1)
  7 rats
38 creatures vanquished.

Notes
Turn   | Place    | Note
-------+----------+-------------------------------------------
     0 | D:1      | BinkBink the Hill Orc Monk began the quest for the Orb.
     0 | D:1      | Reached XP level 1. HP: 19/19 MP: 1/1
     1 | D:1      | Found a runed translucent door.
   365 | D:1      | Reached XP level 2. HP: 23/26 MP: 2/2
   499 | D:1      | Reached skill level 1 in Armour
   987 | D:1      | Found a faded altar of an unknown god.
  1124 | D:1      | Reached XP level 3. HP: 24/31 MP: 3/3
  1489 | D:2      | Slain by a worm

Illustrated notes

Levels and vault maps discovered:
D:1:      dpeg_arrival_caged_fury, layout_loops_corners,
          shapermc_ecumenical_altar_ellora
D:2:      layout_rooms, basic_altar

Skill      XL: |  1  2 |
---------------+-------+-----
Armour         | 1 |  1.8
Fighting       | |  3.6
Axes           | |  4.7
Dodging        | |  2.9
Stealth        | |  1.5

Action                   || total
-------------------------++-------
Melee: Hand axe          ||   122
 Stab: Sleeping          ||     4
Armor: Robe              ||    20
Dodge: Dodged            ||    68

Table legend: (Time is in decaauts)
 A = Elapsed time spent in this place.
 B = Non-inter-level travel time spent in this place.
 C = Inter-level travel time spent in this place.
 D = Time resting spent in this place.
 E = Time spent auto-exploring this place.
 F = Levels seen in this place.
 G = Mean time per level.
                   A        B        C        D        E       F      G
               +--------+--------+--------+--------+--------+-----+--------+
         Total |   1498 |   1493 |      5 |      0 |   1262 |   2 |  749.0 |
       Dungeon |   1498 |   1493 |      5 |      0 |   1262 |   2 |  749.0 |
               +--------+--------+--------+--------+--------+-----+--------+

Top non-repeatable levels by time:
     D:1: 1450 daAuts
     D:2: 47 daAuts
